 Dungeon Crawl Stone Soup version 0.29.0-4-gdea44cf6ec (webtiles) character file.

Game seed: 1867945778582849833

68 greasedhog the Trooper (level 4, -1/30 HPs)
             Began as a Gargoyle Fighter on Aug 27, 2022.
             Slain by Crazy Yiuf
             ... wielding a +2 quarterstaff of chaos
              (7 damage)
             ... on level 2 of the Dungeon.
             The game lasted 00:01:55 (2142 turns).

greasedhog the Trooper (Gargoyle Fighter)           Turns: 2142, Time: 00:01:56

Health: -1/30      AC: 10    Str: 20    XL:     4   Next: 19%
Magic:  4/4        EV:  9    Int:  8    God:
Gold:   123        SH:  4    Dex: 11    Spells: 3/3 levels left

rFire   + . .      SeeInvis .   a - +0 flail
rCold   x . .      Faith    .   c - +0 buckler
rNeg    + . .      Spirit   .   b - +0 scale mail
rPois   ∞          Reflect  .   (no helmet)
rElec   +          Harm     .   (no cloak)
rCorr   .          Rampage  .   (no gloves)
Will    .....                   (no boots)
Stlth   ..........              (no amulet)
HPRegen 0.10/turn               i - ring of fire
MPRegen 0.09/turn               (no ring)

@: mighty
A: sickness immunity, AC +3, negative energy resistance 1, electricity
resistance, torment resistance 1, petrification resistance
a: no special abilities


You were on level 2 of the Dungeon.
You visited 1 branch of the dungeon, and saw 2 of its levels.

You collected 123 gold pieces.

Inventory:

Hand Weapons
 a - a +0 flail (weapon)
Armour
 b - a +0 scale mail (worn)
 c - a +0 buckler (worn)
 e - a +0 chain mail
Jewellery
 i - a ring of fire (left hand)
Scrolls
 f - 2 scrolls of identify
 g - 2 scrolls of enchant weapon
 j - a scroll of butterflies
 k - a scroll of fear
Potions
 d - 2 potions of might


   Skills:
 * Level 4.4 Fighting
 * Level 3.3 Maces & Flails
 - Level 3.2 Armour
 - Level 3.2 Shields


You had 3 spell levels left.
You didn't know any spells.
Your spell library contained the following spells:

 Spells                   Type           Power      Damage    Failure   Level
 Foxfire                  Conj/Fire      0%         2x1d4     85%         1
 Blink                    Tloc           0%         N/A       94%         2
 Conjure Flame            Conj/Fire      0%         6-21      99%         3
 Inner Flame              Hex/Fire       0%         N/A       99%         3
 Lesser Beckoning         Tloc           0%         N/A       99%         3
 Flame Wave               Conj/Fire      0%         2d4       100%        4
 Manifold Assault         Tloc           0%         N/A       100%        5


Dungeon Overview and Level Annotations

Branches:
Dungeon (2/15)

Altars:

Annotations:
D:2 Crazy Yiuf


Innate Abilities, Weirdness & Mutations

You are immune to sickness and miasma.
Your stone body is resilient. (AC +3)
You are immune to poison.
You resist negative energy. (rN+)
You are resistant to electric shocks. (rElec)
You are resistant to unholy torment.
You are immune to petrification.


Message History

You closely miss Crazy Yiuf. Crazy Yiuf barely misses you.
Crazy Yiuf hits you but does no damage.
You barely miss Crazy Yiuf. Crazy Yiuf closely misses you.
Crazy Yiuf hits you but does no damage.
You are confused.
You bump into the stone wall.
Crazy Yiuf hits you with a +2 quarterstaff of chaos.
Crazy Yiuf freezes you.
Crazy Yiuf hits you with a +2 quarterstaff of chaos.
Space warps around you.
You bump into the tree.
Crazy Yiuf whimpers, "Line!
Tosser return to song koolooloo."
Crazy Yiuf barely misses you.
You bump into the stone wall.
Crazy Yiuf cries, "You leg down broken song, no?"
Crazy Yiuf hits you with a +2 quarterstaff of chaos.
* * * LOW HITPOINT WARNING * * *
Crazy Yiuf freezes you.
* * * LOW HITPOINT WARNING * * *
Crazy Yiuf closely misses you.
You are too confused!
You bump into the tree.
You feel less confused.
Crazy Yiuf cries, "Ghoul!"
Crazy Yiuf misses you.
You feel better. Crazy Yiuf barely misses you. x2
You feel better.
Crazy Yiuf waves his quarterstaff at you.
Crazy Yiuf hits you with a +2 quarterstaff of chaos!
* * * LOW HITPOINT WARNING * * *
You feel better. You block Crazy Yiuf's attack.
Crazy Yiuf completely misses you.
You barely miss Crazy Yiuf. Crazy Yiuf misses you.
You sock Crazy Yiuf!
Crazy Yiuf is severely wounded.
Crazy Yiuf hits you with a +2 quarterstaff of chaos.
Crazy Yiuf hits you with a +2 quarterstaff of chaos!
* * * LOW HITPOINT WARNING * * *
Crazy Yiuf freezes you!
You die...

##♣♣♣♣♣ ######
###...♣.♣♣♣ ####
#.....
##...P..♣..♣#...#
#.....
#....PP♣♣♣♣@g...#
#>.... #..#.P♣♣
♣♣#..)#
#####.....
#.###♣♣ ####
#......... #).#
#####..... ##.#
#..... #.# ###
#....† #.# #.#
#####. #.# #.# #.
#.### #.# #.


You could see Crazy Yiuf (fast).

Vanquished Creatures
  2 adders (D:2)
  2 dart slugs (D:1)
  5 ball pythons
  2 bats (D:1)
  5 endoplasms
  5 goblins
  A hobgoblin (D:2)
  2 jackals (D:1)
  10 kobolds
  3 quokkas
  A frilled lizard (D:1)
  5 rats
  A butterfly (D:1)
44 creatures vanquished.

Notes
Turn   | Place    | Note
-------+----------+-------------------------------------------
     0 | D:1      | greasedhog the Gargoyle Fighter began the quest for the
                  | Orb.
     0 | D:1      | Reached XP level 1. HP: 14/14 MP: 1/1
   241 | D:1      | Reached XP level 2. HP: 6/19 MP: 2/2
   991 | D:1      | Reached XP level 3. HP: 20/24 MP: 3/3
  1088 | D:1      | Reached skill level 4 in Fighting
  1909 | D:2      | Reached XP level 4. HP: 28/30 MP: 4/4
  2124 | D:2      | Found a runed translucent door.
  2125 | D:2      | Noticed Crazy Yiuf
  2142 | D:2      | Slain by Crazy Yiuf

Illustrated notes

Levels and vault maps discovered:
D:1:      spicycebolla_arrival_clurvy, layout_loops_corners, st_stairs_11
D:2:      layout_rooms, uniq_crazy_yiuf_cottage

Skill      XL: |  1  2  3 |
---------------+----------+-----
Fighting       | 4 |  4.4
Maces & Flails | 3 |  3.3
Armour         | |  3.2
Shields        | |  3.2

Action                   |  1- 3 |  4- 6 || total
-------------------------+-------+-------++-------
Melee: Flail             |   133 |    12 ||   145
  Use: Scroll            |     4 |       ||     4
       Potion            |       |     4 ||     4
 Stab: Sleeping          |     1 |       ||     1
Armor: Scale mail        |    88 |     3 ||    91
Dodge: Dodged            |    65 |    18 ||    83
Block: Buckler           |    21 |     5 ||    26
